 Dungeon Crawl Stone Soup version 0.23.2-1-ga50397a (webtiles) character file.

Game seed: 14280258564331895357

371 Errno the Sneak (level 6, -2/42 HPs)
             Began as an Octopode Assassin on May 2, 2019.
             Splashed by Ijyb's acid (14 damage)
             ... on level 4 of the Dungeon on May 3, 2019.
             The game lasted 00:16:21 (3698 turns).

Errno the Sneak (Octopode Assassin)                 Turns: 3698, Time: 00:16:25

Health: -2/42      AC: -3    Str: 10    XL:     6   Next: 71%
Magic:  7/7        EV: 14    Int: 14    God:
Gold:   108        SH:  3    Dex: 15    Spells: 6/6 levels left

rFire    . . .     SeeInvis .   a - +2 dagger
rCold    . . .     Gourm    .   (no shield)
rNeg     . . .     Faith    .   (helmet restricted)
rPois    .         Spirit   .   j - +3 amulet of reflection
rElec    .         Reflect  +   (no ring)
rCorr    .         Harm     .   (no ring)
MR       .....                  (no ring)
Stlth    +++++.....             (no ring)
HPRegen  0.14/turn              (no ring)
MPRegen  0.10/turn              (no ring)
                                (no ring)
                                (no ring)

@: corroded, slowed, very slow
A: almost no armour, stealthy swim, amphibious, 8 rings, constrict 8, camouflage
1, gelatinous body 1
a: no special abilities


You were on level 4 of the Dungeon.
You were not hungry.

You visited 1 branch of the dungeon, and saw 4 of its levels.

You collected 108 gold pieces.

Inventory:

Hand Weapons
 a - a +2 dagger (weapon)
Missiles
 e - 83 stones (quivered)
 l - 2 throwing nets
Jewellery
 h - an uncursed ring of ice
 j - a +3 amulet of reflection (around mantle)
Wands
 d - a wand of disintegration (6)
Scrolls
 b - 3 scrolls of teleportation
 k - a scroll of remove curse
Potions
 c - 5 potions of curing
 g - a potion of haste
 i - a potion of lignification
 m - 2 potions of mutation {unknown}
 n - a potion of brilliance
 p - a potion of flight {unknown}
Comestibles
 f - 5 rations
 o - a chunk of flesh


   Skills:
 + Level 3.5 Fighting
 + Level 3.4 Short Blades
 - Level 2.0 Throwing
 + Level 2.9 Dodging
 + Level 7.2 Stealth
 - Level 0.8 Spellcasting
 + Level 2.0 Evocations


You had 6 spell levels left.
You didn't know any spells.
Your spell library was empty.

Dungeon Overview and Level Annotations

Branches:
Dungeon (4/15)
 Temple: D:4-7

Altars:

Annotations:
D:4 Ijyb


Innate Abilities, Weirdness & Mutations

You cannot wear most types of armour.
You are very stealthy in the water. (Stealth+)
You are amphibious.
You can wear up to eight rings at the same time.
You can use your tentacles to constrict eight enemies at once.
Your skin changes colour to match your surroundings (Stealth+).
Your rubbery body absorbs attacks. (AC +1, EV +1)


Message History

You constrict Ijyb. Ijyb hits you with a +0 dagger.
You hit Ijyb but do no damage.
Ijyb is lightly wounded.
You constrict Ijyb. Ijyb barely misses you. Ijyb closely misses you.
You hit Ijyb but do no damage. You squeeze Ijyb, but do no damage.
Ijyb is moderately wounded.
You constrict Ijyb, but do no damage. You block Ijyb's attack.
You hit Ijyb but do no damage. You squeeze Ijyb.
Ijyb is moderately wounded.
You constrict Ijyb. Ijyb hits you with a +0 dagger.
You hit Ijyb.
Ijyb is heavily wounded.
You constrict Ijyb. Ijyb closely misses you.
You hit Ijyb but do no damage. Your squeeze misses Ijyb.
Ijyb is severely wounded.
You constrict Ijyb, but do no damage.
Ijyb zaps a wand.
The bolt of acid hits you!!
* * * LOW HITPOINT WARNING * * *
The acid corrodes you!
You are splashed with acid!
You die...

#.#....##...######
#.#..###.#.......#
#................#
#.....####.......#
#...........####.#
#.....####.## #.#
##...## #.# #.#
##.######.#####.#
#.# .........#@#
#.# .........#g#
?........#.########
.........#.....(...
.....g...........##
.........#.#.....#
.........#.#.###.#
.........#.#.# ..
.........#.#.# #


You could see Ijyb.

Vanquished Creatures
  Sigmund (D:3)
  Natasha (D:4)
  A worker ant (D:4)
  9 adders
  3 oozes
  4 worms
  2 dart slugs
  2 leopard geckos
  5 giant cockroaches
  5 goblins
  6 hobgoblins
  3 jackals (D:1)
  8 kobolds
  2 quokkas
  5 bats
  9 frilled lizards
  5 rats
71 creatures vanquished.

Notes
Turn   | Place    | Note
-------+----------+-------------------------------------------
     0 | D:1      | Errno the Octopode Assassin began the quest for the Orb.
     0 | D:1      | Reached XP level 1. HP: 14/14 MP: 1/1
   139 | D:1      | Reached XP level 2. HP: 7/19 MP: 2/2
   897 | D:1      | Reached XP level 3. HP: 25/25 MP: 4/4
  1850 | D:2      | Reached skill level 6 in Stealth
  1850 | D:2      | Reached XP level 4. HP: 30/30 MP: 5/5
  2618 | D:3      | Noticed Sigmund
  2874 | D:3      | Reached XP level 5. HP: 34/36 MP: 6/6
  3072 | D:3      | Killed Sigmund
  3072 | D:3      | Reached skill level 7 in Stealth
  3072 | D:3      | Reached skill level 1 in Evocations
  3072 | D:3      | Reached XP level 6. HP: 42/42 MP: 7/7
  3643 | D:4      | Noticed Natasha
  3679 | D:4      | Noticed Ijyb
  3690 | D:4      | Killed Natasha
  3698 | D:4      | Splashed by Ijyb's acid

Skill      XL: |  1  2  3  4  5  6 |
---------------+-------------------+-----
Stealth        | 6 7 |  7.2
Dodging        | 2 |  2.9
Fighting       | 3 |  3.5
Short Blades   | 3 |  3.4
Evocations     | 1 2 |  2.0
Throwing       | |  2.0
Spellcasting   | |  0.8

Action                   |  1- 3 |  4- 6 || total
-------------------------+-------+-------++-------
Melee: Dagger            |    61 |    94 ||   155
       Constrict         |    17 |    16 ||    33
       Tentacles         |    10 |    13 ||    23
Evoke: Wand              |       |     3 ||     3
  Use: Scroll            |     4 |     6 ||    10
 Stab: Sleeping          |    16 |    18 ||    34
  Eat: Chunk             |     3 |     6 ||     9
Armor: Skin              |     3 |     4 ||     7
Dodge: Dodged            |    21 |    33 ||    54
Block: Other             |       |     6 ||     6
